 Dungeon Crawl Stone Soup version 0.30-a0-808-g6e0788376e (webtiles) character file.

Game seed: 5927458346895225922

347 croobank the Insei (level 6, -11/47 HPs)
             Began as a Gnoll Transmuter on Feb 25, 2023.
             Mangled by Pikel
             ... wielding a +0 whip of electrocution
              (15 damage)
             ... on level 4 of the Dungeon.
             The game lasted 00:18:54 (3861 turns).

croobank the Insei (Gnoll Transmuter)               Turns: 3861, Time: 00:18:54

Health: -11/47     AC:  2    Str:  9    XL:     6   Next: 59%
Magic:  14/14      EV: 20    Int: 17    God:
Gold:   120        SH:  0    Dex: 19    Spells: 11/15 levels left

rFire   + . .      SeeInvis .      - Unarmed
rCold   . . .      Faith    .    (no shield)
rNeg    . . .      Spirit   .    c - +0 robe
rPois   .          Reflect  .    (no helmet)
rElec   .          Harm     .    (no cloak)
rCorr   .          Rampage  .    (no gloves)
Will    .....                    (no boots)
Stlth   ++                       (no amulet)
HPRegen 0.27/turn                d - ring of the Marlin {Contam rF+ Int+3 Dex+6}
MPRegen 0.14/turn                y - +5 ring of evasion

@: about to teleport
A: fangs 1, strong nose, distributed training
a: no special abilities


You were on level 4 of the Dungeon.
You visited 1 branch of the dungeon, and saw 5 of its levels.

You collected 160 gold pieces.
You spent 40 gold pieces at shops.

Inventory:

Hand Weapons
 a - a +0 whip
 b - a +0 sling
 g - a +0 short sword
 x - a +0 dagger of electrocution
Missiles
 e - 2 poisoned darts
 k - 4 javelins
 l - 2 throwing nets
 s - 8 boomerangs
Armour
 c - a +0 robe (worn)
Jewellery
 d - the ring of the Marlin (left hand) {Contam rF+ Int+3 Dex+6}
   (You acquired it on level 5 of the Dungeon)

   [ring of dexterity]

   Int:       It affects your intelligence (+3).
   Dex:       It affects your dexterity (+6).
   rF:        It protects you from fire.
   Contam:    It causes magical contamination when unequipped.
 i - a ring of positive energy
 w - a +6 ring of strength
 y - a +5 ring of evasion (right hand)
Scrolls
 j - a scroll of teleportation
 m - a scroll of fog
 v - a scroll of amnesia {unknown}
Potions
 f - a potion of lignification
 h - a potion of curing
 n - a potion of haste
 o - a potion of attraction
 t - a potion of mutation
 u - a potion of degeneration {unknown}


   Skills:
 + Level 3.3 Fighting
 + Level 2.1 Short Blades
 + Level 2.1 Long Blades
 + Level 2.1 Axes
 + Level 2.1 Maces & Flails
 + Level 2.1 Polearms
 + Level 2.1 Staves
 + Level 2.1 Ranged Weapons
 + Level 2.1 Throwing
 + Level 2.1 Armour
 + Level 5.0 Dodging
 + Level 2.1 Stealth
 + Level 2.1 Shields
 + Level 6.9 Unarmed Combat
 + Level 5.4 Spellcasting
 + Level 1.6 Conjurations
 + Level 1.6 Hexes
 + Level 1.6 Summonings
 + Level 1.6 Necromancy
 + Level 1.6 Translocations
 + Level 4.1 Transmutations
 + Level 1.6 Fire Magic
 + Level 1.6 Ice Magic
 + Level 1.6 Air Magic
 + Level 1.6 Earth Magic
 + Level 1.6 Poison Magic
 + Level 2.3 Invocations
 + Level 2.1 Evocations


You had 11 spell levels left.
You knew the following spells:

 Your Spells              Type           Power      Damage    Failure   Level
a - Beastly Appendage     Tmut           36%        N/A       2%          1
b - Wereblood             Tmut           18%        N/A       3%          2
c - Foxfire               Conj/Fire      40%        2x1d6     7%          1

Your spell library contained the following spells:

 Spells                   Type           Power      Damage    Failure   Level
 Spider Form              Tmut/Pois      14%        N/A       12%         3
 Ice Form                 Ice/Tmut       14%        N/A       38%         4
 Fireball                 Conj/Fire      5%         3d5       88%         5
 Starburst                Conj/Fire      5%         6d4       100%        6


Dungeon Overview and Level Annotations

Branches:
Dungeon (5/15)
 Temple: D:4-7

Altars:

Shops:
D:1 ?

Annotations:
D:4 Pikel


Innate Abilities, Weirdness & Mutations

You have very sharp teeth.
Your uncanny sense of smell can sniff out nearby items.
Your experience applies equally to all skills.


Message History

A ball python comes into view.
You howl as the wereblood boils in your veins!
Your horns disappear.
Your talons disappear.
The lemure attacks as you move away! The lemure completely misses you.
The lemure closely misses you.
The sentinel's mark upon you fades away.
Your primal bloodlust has ended.
You completely miss Pikel.
An adder comes into view.
You barely miss Pikel. Pikel completely misses you.
A lemure comes into view.
You hit Pikel.
Pikel is lightly wounded.
The lemure hits you.
Pikel hits you with a +0 whip of electrocution.
You are electrocuted!
You closely miss Pikel. Your bite misses Pikel.
Pikel is lightly wounded.
The lemure completely misses you. Pikel completely misses you.
You closely miss Pikel.
Pikel is lightly wounded.
The lemure hits you.
Pikel hits you with a +0 whip of electrocution.
You barely miss Pikel. You bite Pikel, but do no damage.
Pikel is lightly wounded.
Pikel barely misses you. The lemure misses you.
You closely miss Pikel. You punch Pikel, but do no damage.
Pikel is lightly wounded.
Pikel hits you with a +0 whip of electrocution.
* * * LOW HITPOINT WARNING * * *
The lemure barely misses you.
Casting: Wereblood (safe; 3% risk of failure)
Confirm with . or Enter, or press ? or * to list all spells.
Okay, then.
As you read the scroll of teleportation, it crumbles to dust.
You feel strangely unstable.
Pikel hits you with a +0 whip of electrocution!
* * * LOW HITPOINT WARNING * * *
You are electrocuted!
You die...

#)##...#....####....###
# #####...........##..
##...............
#................
##..............#
#####...........
##5S5S...... ##5K5##..
###@# ###


You could see Pikel, 4 lemures, an adder and a ball python.

Vanquished Creatures
  A necrophage (D:5)
  A scorpion (D:5)
  A hound (D:5)
  An iguana (D:3)
  Natasha (D:3)
  5 adders
  A shadow imp (D:5)
  An ufetubus (D:3)
  A worm (D:2)
  4 dart slugs
  12 orcs
  7 ball pythons
  8 bats
  4 endoplasms
  5 giant cockroaches
  5 hobgoblins
  2 quokkas
  3 frilled lizards
  A goblin (D:3)
  6 kobolds
  6 rats
76 creatures vanquished.

Vanquished Creatures (others)
  27 foxfires (D:3)
27 creatures vanquished.

Grand Total: 103 creatures vanquished

Notes
Turn   | Place    | Note
-------+----------+-------------------------------------------
     0 | D:1      | croobank the Gnoll Transmuter began the quest for the Orb.
     0 | D:1      | Reached XP level 1. HP: 17/17 MP: 6/6
   135 | D:1      | Reached XP level 2. HP: 19/23 MP: 5/7
   185 | D:1      | Learned a level 2 spell: Wereblood
   562 | D:1      | Reached skill level 5 in Spellcasting
   562 | D:1      | Reached XP level 3. HP: 28/28 MP: 5/9
   656 | D:1      | Found Vaajy's Magic Scroll Boutique.
   673 | D:1      | Bought a scroll of identify for 20 gold pieces
   673 | D:1      | Bought a scroll of identify for 20 gold pieces
  1243 | D:2      | Reached skill level 1 in Invocations
  1488 | D:2      | Reached skill level 1 in Short Blades
  1488 | D:2      | Reached skill level 1 in Long Blades
  1488 | D:2      | Reached skill level 1 in Axes
  1488 | D:2      | Reached skill level 1 in Maces & Flails
  1488 | D:2      | Reached skill level 1 in Polearms
  1488 | D:2      | Reached skill level 1 in Staves
  1488 | D:2      | Reached skill level 1 in Ranged Weapons
  1488 | D:2      | Reached skill level 1 in Throwing
  1488 | D:2      | Reached skill level 1 in Armour
  1488 | D:2      | Reached skill level 1 in Stealth
  1488 | D:2      | Reached skill level 1 in Shields
  1488 | D:2      | Reached skill level 1 in Evocations
  1631 | D:2      | You fall into a shaft and drop 1 floor!
  1752 | D:2      | Reached XP level 4. HP: 33/34 MP: 7/11
  2336 | D:3      | Reached skill level 1 in Conjurations
  2336 | D:3      | Reached skill level 1 in Hexes
  2336 | D:3      | Reached skill level 1 in Summonings
  2336 | D:3      | Reached skill level 1 in Necromancy
  2336 | D:3      | Reached skill level 1 in Translocations
  2336 | D:3      | Reached skill level 1 in Fire Magic
  2336 | D:3      | Reached skill level 1 in Ice Magic
  2336 | D:3      | Reached skill level 1 in Air Magic
  2336 | D:3      | Reached skill level 1 in Earth Magic
  2336 | D:3      | Reached skill level 1 in Poison Magic
  2366 | D:3      | Reached XP level 5. HP: 29/40 MP: 6/12
  2432 | D:3      | Learned a level 1 spell: Foxfire
  3219 | D:4      | Noticed Natasha
  3237 | D:3      | Killed Natasha
  3369 | D:4      | Noticed a lemure
  3370 | D:4      | Noticed a lemure
  3371 | D:4      | Noticed Pikel
  3377 | D:4      | Noticed a lemure
  3385 | D:5      | Entered Level 5 of the Dungeon
  3440 | D:5      | Upgraded the game from 0.30-a0-802-gb92711bcdf to
                  | 0.30-a0-808-g6e0788376e
  3458 | D:5      | Reached XP level 6. HP: 44/47 MP: 11/14
  3501 | D:5      | Reached skill level 5 in Dodging
  3701 | D:5      | Identified a scroll of acquirement
  3701 | D:5      | Acquired the ring of the Marlin {Contam rF+ Int+3 Dex+6}
  3861 | D:4      | Mangled by Pikel

Illustrated notes

Levels and vault maps discovered:
D:1:      dpeg_arrival_castle, layout_basic, serial_shops,
          nicolae_shop_temple_entry_statues_fountains,
          hangedman_decor_clover_reticule, hangedman_abyss_or_decor_lesser_grid
D:2:      layout_loops_ring
D:3:      layout_basic
D:4:      layout_cave_pools, uniq_natasha, uniq_menkaure, uniq_pikel
D:5:      layout_gridville, grunt_dithmenos_shadows

Skill      XL: |  1  2  3  4  5  6 |
---------------+-------------------+-----
Spellcasting   | 5 |  5.4
Invocations    | 1 2 |  2.3
Short Blades   | 1 2 |  2.1
Long Blades    | 1 2 |  2.1
Axes           | 1 2 |  2.1
Maces & Flails | 1 2 |  2.1
Polearms       | 1 2 |  2.1
Staves         | 1 2 |  2.1
Ranged Weapons | 1 2 |  2.1
Throwing       | 1 2 |  2.1
Armour         | 1 2 |  2.1
Stealth        | 1 2 |  2.1
Shields        | 1 2 |  2.1
Evocations     | 1 2 |  2.1
Conjurations   | 1 |  1.6
Hexes          | 1 |  1.6
Summonings     | 1 |  1.6
Necromancy     | 1 |  1.6
Translocations | 1 |  1.6
Fire Magic     | 1 |  1.6
Ice Magic      | 1 |  1.6
Air Magic      | 1 |  1.6
Earth Magic    | 1 |  1.6
Poison Magic   | 1 |  1.6
Fighting       | 3 |  3.3
Transmutations | 4 |  4.1
Dodging        | 5 |  5.0
Unarmed Combat | |  6.9

Action                     |  1- 3 |  4- 6 || total
---------------------------+-------+-------++-------
  Melee: Whip              |    75 |       ||    75
         Unarmed           |    18 |   103 ||   121
         Headbutt          |    17 |    12 ||    29
         Bite              |    11 |    15 ||    26
         Kick              |    27 |    17 ||    44
         Punch             |     3 |     8 ||    11
         Short sword       |     7 |       ||     7
   Cast: Beastly Appendage |    34 |    21 ||    55
         Wereblood         |    26 |    21 ||    47
         Foxfire           |       |    16 ||    16
    Use: Scroll            |     1 |    10 ||    11
         Potion            |       |     2 ||     2
 Armour: Robe              |    22 |     6 ||    28
  Dodge: Dodged            |    64 |   109 ||   173

Table legend: (Time is in decaauts)
 A = Elapsed time spent in this place.
 B = Non-inter-level travel time spent in this place.
 C = Inter-level travel time spent in this place.
 D = Time resting spent in this place.
 E = Time spent auto-exploring this place.
 F = Levels seen in this place.
 G = Mean time per level.
                   A        B        C        D        E       F      G
               +--------+--------+--------+--------+--------+-----+--------+
         Total |   3855 |   3711 |    144 |    422 |   2486 |   5 |  771.0 |
       Dungeon |   3855 |   3711 |    144 |    422 |   2486 |   5 |  771.0 |
               +--------+--------+--------+--------+--------+-----+--------+

Top non-repeatable levels by time:
     D:1: 1198 daAuts
     D:3: 1151 daAuts
     D:2: 997 daAuts
     D:5: 444 daAuts
     D:4: 63 daAuts
